 Dungeon Crawl Stone Soup version 0.30.0-15-g856e2d3f33 (webtiles) character file.

Game seed: 18440372496571935820

20 Ofeo the Magician (level 3, -1/27 HPs)
             Began as a Djinni Hexslinger on May 19, 2023.
             Frozen to death by an endoplasm (4 damage)
             ... on level 1 of the Dungeon.
             The game lasted 00:02:04 (592 turns).

Ofeo the Magician (Djinni Hexslinger)                Turns: 592, Time: 00:02:05

Health: -1/27      AC:  3    Str:  9    XL:     3   Next: 0%
Gold:   26         EV: 12    Int: 14    God:
                   SH:  0    Dex: 15

rFire   + + .        a - +1 sling
rCold   x . .        (no shield)
rNeg    . . .        c - +0 robe
rPois   ∞            (no helmet)
rElec   .            d - +0 cloak
rCorr   .            (no gloves)
SInv    .            (boots unavailable)
Will    .....        (no amulet)
Stlth   +            (no ring)
HPRegen 0.24/turn    (no ring)
MPRegen 0.00/turn

%: infuse magic (-2 HP)
@: flying, very slightly contaminated
A: sickness immunity, fire resistance 2, cold vulnerability 1, float, innate
caster, HP casting, extra vitality 1
a: no special abilities


You were on level 1 of the Dungeon.
You visited 1 branch of the dungeon, and saw 1 of its levels.

You collected 26 gold pieces.

Inventory:

Hand Weapons
 a - a +1 sling (weapon)
Armour
 c - a +0 robe (worn)
 d - a +0 cloak (worn)
Scrolls
 b - a scroll of poison
 e - a scroll of identify {unknown}


   Skills:
 + Level 1.5 Fighting
 + Level 1.9 Ranged Weapons
 + Level 2.5 Dodging
 + Level 2.6 Spellcasting


You knew the following spells:

 Your Spells              Type           Power      Damage    Failure   Level
a - Slow                  Hex            36%        N/A       8%          1
b - Inner Flame           Hex/Fire       9%         N/A       22%         3
c - Portal Projectile     Hex/Tloc       18%        N/A       22%         3
d - Cause Fear            Hex            4%         N/A       58%         4
e - Freeze                Ice            36%        1d5       8%          1
Your spell library was empty.

Dungeon Overview and Level Annotations

Branches:
Dungeon (1/15)

Altars:

Shops:
D:1 =*[!


Innate Abilities, Weirdness & Mutations

You are immune to sickness and miasma.
You are immune to poison.
Your flesh is very heat resistant. (rF++)
You are vulnerable to cold. (rC-)
You float through the air rather than walking.
You learn spells naturally, not from books.
Your magical power is your life essence.
You have superior vitality. (+4 MHP)


Message History

You take 1 damage, and have 8/27 hp.
Aiming: Slow (safe; 8% risk of failure)
Press: ? - help, Q - select action, (/) - cycle Shift-Dir - straight line, f/p - endoplasm
Aim: an endoplasm (almost dead, slow, chance to affect: 61%)
The endoplasm seems to slow down.
* * * LOW HITPOINT WARNING * * *
The endoplasm misses you.
You take 1 damage, and have 7/27 hp.
Casting: Slow (safe; 8% risk of failure)
Confirm with . or Enter, or press ? or * to list all spells.
Okay, then.
Aiming: Slow (safe; 8% risk of failure)
Press: ? - help, Q - select action, (/) - cycle Shift-Dir - straight line, f/p - endoplasm
Aim: an endoplasm (almost dead, slow, chance to affect: 61%)
The endoplasm seems to slow down.
* * * LOW HITPOINT WARNING * * *
The endoplasm hits you.
* * * LOW HITPOINT WARNING * * *
You take 2 damage, and have 5/27 hp.
Aiming: Slow (safe; 8% risk of failure)
Press: ? - help, Q - select action, (/) - cycle Shift-Dir - straight line, f/p - endoplasm
Aim: an endoplasm (severely wounded, slow, chance to affect: 61%)
The endoplasm seems to slow down.
* * * LOW HITPOINT WARNING * * *
You aren't carrying any potions.
Aiming: Slow (safe; 8% risk of failure)
Press: ? - help, Q - select action, (/) - cycle Shift-Dir - straight line, f/p - endoplasm
Aim: an endoplasm (severely wounded, slow, chance to affect: 61%)
The endoplasm resists with significant effort.
* * * LOW HITPOINT WARNING * * *
The endoplasm closely misses you.
You take 1 damage, and have 4/27 hp.
Aiming: Slow (safe; 8% risk of failure)
Press: ? - help, Q - select action, (/) - cycle Shift-Dir - straight line, f/p - endoplasm
Aim: an endoplasm (severely wounded, slow, chance to affect: 61%)
The endoplasm seems to slow down.
* * * LOW HITPOINT WARNING * * *
The endoplasm freezes you.
You are frozen.
You feel a terrible chill!
You die...

.#.#....####.........|..8........
...##......÷......[.###..###.....
#.####......÷.####.## #### ##...#
#.####........####.# ##.##
...................# #.##
#.............###......# #.##
#####.).......#∩######.# #.##
.......[......##J# #.##
##.###.#########@# #.## #.# #.#
#.# ##.## ##.###.# #.# #..##
..)....# #.# .######.### ...###.#
#.# ........### .### #.# #.#
#######.##. .# .# #.# #######.#.#
.# #.######.......#.. .#
#................#


You could see an endoplasm (slow).

Vanquished Creatures
  A gnoll (D:1)
  A dart slug (D:1)
  2 ball pythons (D:1)
  A quokka (D:1)
  A frilled lizard (D:1)
  A kobold (D:1)
  2 rats (D:1)
9 creatures vanquished.

Notes
Turn   | Place    | Note
-------+----------+-------------------------------------------
     0 | D:1      | Ofeo the Djinni Hexslinger began the quest for the Orb.
     0 | D:1      | Ofeo set off with the following spells memorised: Slow,
                  | Inner Flame, Portal Projectile, Cause Fear.
     0 | D:1      | Reached XP level 1. HP: 17/17 MP: 0/0
    57 | D:1      | Found Foew's Jewellery Emporium.
   217 | D:1      | Reached XP level 2. HP: 19/22 MP: 0/0
   369 | D:1      | Found Saetusoq's Assorted Antiques.
   371 | D:1      | Found Velisoy's Antique Armour Boutique.
   385 | D:1      | Found Sucluz's Distillery.
   391 | D:1      | Reached XP level 3. HP: 24/27 MP: 0/0
   391 | D:1      | Learned a level 1 spell: Freeze
   446 | D:1      | Found Kedd's Assorted Antiques.
   592 | D:1      | Frozen to death by an endoplasm

Illustrated notes

Levels and vault maps discovered:
D:1:      saegor_arrival_under_anarchy, layout_loops_ring, serial_shops, shop,
          nicolae_shop_tiny_glass, shop, nicolae_shop_statue_plus, shop

Action                     || total
---------------------------++-------
   Fire: Sling             ||    32
   Cast: Slow              ||     8
  Dodge: Dodged            ||    13
